NEW JERSEY vs BUFFALO

Created - January 6, 2021 at 19:31

Goals
1 2 3 OT1 SO T
NEW JERSEY 0 1 1 0 2 3
BUFFALO 1 0 1 0 1 2
Shots
1 2 3 OT1 SO T
NEW JERSEY 4 10 14 1 5 29
BUFFALO 14 7 11 3 5 35

1st period

1. BUFFALO , Matt Duchene 1 (Shea Theodore 2, Alex Killorn 3) at 1:06

Penalties :
Dmitry Orlov (NJ ) for Tripping (Minor) at 6:50, Samuel Girard (NJ ) for Roughing (Minor) at 17:04

2nd period

2. NEW JERSEY , Anthony Duclair 2 (Sean Couturier 1, Dougie Hamilton 4) at 10:35 (SH)

Penalties :
Dmitry Orlov (NJ ) for Roughing (Double Minor) at 0:41, Cal Petersen (NJ ) for Delaying the game (Minor) at 8:42 - Evander Kane served the penalty., Charlie Coyle (BUF) for Hooking (Minor) at 14:05

3rd period

3. BUFFALO , Matt Duchene 2 (Charlie Coyle 2, Noah Hanifin 1) at 1:36
4. NEW JERSEY , Anders Lee 1 (Evander Kane 1, Dylan Strome 4) at 10:55

Penalties :
Anders Lee (NJ ) for Hooking (Minor) at 8:32, Drew Doughty (BUF) for Tripping (Minor) at 12:24

Overtime #1

No Goal

Penalties :
No Penalty

Shootout

NEW JERSEY, Sean Couturier - Stopped by Tuukka Rask
BUFFALO, Brad Marchand - Stopped by Cal Petersen
NEW JERSEY, Evander Kane - Goal!
BUFFALO, Eric Staal - Goal!
NEW JERSEY, Anders Lee - Stopped by Tuukka Rask
BUFFALO, Phil Kessel - Stopped by Cal Petersen
NEW JERSEY, Jake Guentzel - Stopped by Tuukka Rask
BUFFALO, Alex Killorn - Stopped by Cal Petersen
NEW JERSEY, Alex DeBrincat - Goal!
BUFFALO, Matt Duchene - Shot Misses the Net

Penalties :
No Penalty

Goalie Stats

Cal Petersen (NJ ), 33 saves from 35 shots - (0.943), W, 1-1-1, 65:00 minutes
Tuukka Rask (BUF), 27 saves from 29 shots - (0.931), OTL, 2-0-1, 65:00 minutes

Players Stats for NEW JERSEY

Player Name              G  A  P  +/- PIM S  H  SB GA TA FO     MP     PP MP  PK MP  
------------------------------------------------------------------------------------
Alex DeBrincat           0  0  0  -1  0   5  0  0  0  0  0/2    17:00   2:03   0:00 
Anders Lee               1  0  1   0  2   2  2  0  0  0  0/0    20:12   2:03   5:22 
Andrew Copp              0  0  0   0  0   2  1  0  0  0  6/9    13:03   0:00   4:00 
Anthony Duclair          1  0  1   1  0   1  1  0  0  0  0/1    15:21   0:00   2:35 
Brad Hunt                0  0  0   1  0   0  0  0  0  0  0/0    14:40   0:00   2:30 
Danton Heinen            0  0  0   0  0   0  0  0  0  0  0/0     7:33   0:00   0:00 
Derek Stepan             0  0  0   0  0   0  0  1  0  0  3/11   14:05   0:00   3:38 
Dmitry Orlov             0  0  0  -1  6   2  1  0  0  0  0/0    20:24   1:45   3:04 
Dougie Hamilton          0  1  1   0  0   2  0  3  0  0  0/0    24:35   2:13   5:27 
Dylan Strome             0  1  1   0  0   2  0  0  0  0  12/23  14:51   2:03   0:00 
Evander Kane             0  1  1   0  0   3  1  0  0  0  2/2    14:16   1:28   0:00 
Jake Guentzel            0  0  0  -1  0   5  4  0  0  0  0/1    17:55   1:55   0:00 
Jake Muzzin              0  0  0  -1  0   1  2  3  0  0  0/0    21:35   1:45   5:41 
Jeff Petry               0  0  0   0  0   1  3  1  0  0  0/0    28:21   2:13   6:00 
Mikael Granlund          0  0  0   0  0   1  0  0  0  0  0/0    10:54   0:27   0:00 
Samuel Girard            0  0  0   1  2   0  0  0  0  0  0/0    15:22   0:00   1:08 
Sean Couturier           0  1  1   0  0   2  1  0  0  0  27/40  22:55   1:55   6:52 
Zach Aston-Reese         0  0  0   0  0   0  1  0  0  0  0/0     9:59   0:00   1:23 

Players Stats for BUFFALO

Player Name              G  A  P  +/- PIM S  H  SB GA TA FO     MP     PP MP  PK MP  
------------------------------------------------------------------------------------
Alex Killorn             0  1  1   2  0   1  3  0  0  0  0/1    18:47   5:19   0:42 
Brad Marchand            0  0  0  -1  0   8  1  1  0  0  2/6    23:36   6:02   2:44 
Carl Hagelin             0  0  0   0  0   0  0  0  0  0  0/0     6:41   0:00   0:14 
Charlie Coyle            0  1  1   2  2   1  4  1  0  0  1/1    18:04   5:19   0:00 
Drew Doughty             0  0  0  -1  2   1  0  0  0  0  0/0    27:19   6:26   1:19 
Eric Staal               0  0  0  -1  0   2  0  0  0  0  13/29  25:24   5:50   2:44 
Frank Vatrano            0  0  0  -1  0   0  1  0  0  0  2/2    11:38   0:34   0:00 
James van Riemsdyk       0  0  0  -1  0   2  0  0  0  0  0/0    11:20   0:46   0:00 
Jordan Staal             0  0  0  -1  0   3  2  0  0  0  7/13   13:38   0:46   0:18 
Marco Scandella          0  0  0  -1  0   0  1  0  0  0  0/0    16:13   0:00   0:23 
Matt Duchene             2  0  2   2  0   4  2  1  0  0  10/25  18:05   5:19   0:00 
Matt Grzelcyk            0  0  0  -1  0   1  3  0  0  0  0/0    14:28   0:00   0:30 
Noah Hanifin             0  1  1   2  0   2  2  1  0  0  0/0    21:02   5:29   1:51 
Noel Acciari             0  0  0   0  0   1  2  0  0  0  3/9     8:32   0:00   0:05 
Ondrej Kase              0  0  0   0  0   0  0  1  0  0  0/0     6:27   0:00   0:00 
Phil Kessel              0  0  0  -1  0   3  0  0  0  0  1/3    23:49   5:50   1:09 
Roman Josi               0  0  0  -1  0   5  1  0  0  0  0/0    25:40   6:26   2:02 
Shea Theodore            0  1  1   2  0   1  1  1  0  0  0/0    20:17   5:29   1:51 

3 Stars

1 - Matt Duchene (BUF)
2 - Cal Petersen (NJ )
3 - Anthony Duclair (NJ )

Power Play

NEW JERSEY - 0 on 2 Attempt(s) - 0.00%
BUFFALO - 0 on 6 Attempt(s) - 0.00%

Penalty Kill

NEW JERSEY - 6 on 6 Attempt(s) - 100.00% - Score 1 goal in Penalty Kill
BUFFALO - 2 on 2 Attempt(s) - 100.00% - Score 0 goal in Penalty Kill

Team Stat

NEW JERSEY - Hits : 17 - Faceoff Wins : 50 - Blocked Shots : 8 - Penalty Minutes : 12
BUFFALO - Hits : 23 - Faceoff Wins : 39 - Blocked Shots : 6 - Penalty Minutes : 4

Official

Referees : Terry Koharski and Chris Rooney
Linesman : Ryan Gibbons and James Tobias

Game Notes

No Game Note

Finance

Level 1 -- Attendance: 5808 (96.80%) -- Ticket Income $464,640
Level 2 -- Attendance: 4453 (89.06%) -- Ticket Income $222,650
Level 3 -- Attendance: 1780 (89.00%) -- Ticket Income $49,840
Level 4 -- Attendance: 3973 (99.33%) -- Ticket Income $59,595
Luxury Box -- Attendance: 894 (89.40%) -- Ticket Income $143,040
Game was played at the KeyBank Center.
Total Attendance: 16908 (93.93%)
Total Ticket Income: $939,765
Total Income: $939,765

NEW JERSEY

5 vs 5 Forward 
   Center                   Left Wing                Right Wing               Time % Phy DF OF 
 1 Sean Couturier           Alex DeBrincat           Jake Guentzel            37     0   2  3  
 2 Dylan Strome             Anders Lee               Evander Kane             30     2   1  2  
 3 Derek Stepan             Mikael Granlund          Anthony Duclair          24     1   2  2  
 4 Andrew Copp              Zach Aston-Reese         Danton Heinen            9      2   2  1  

5 vs 5 Defense 
   Defense                  Defense                                           Time % Phy DF OF 
 1 Dougie Hamilton          Jeff Petry                                        42     1   2  2  
 2 Jake Muzzin              Dmitry Orlov                                      33     1   2  2  
 3 Samuel Girard            Brad Hunt                                         25     1   2  2  
 4 Dougie Hamilton          Jeff Petry                                        0      1   2  2  

PowerPlay Forward 
   Center                   Left Wing                Right Wing               Time % Phy DF OF 
 1 Sean Couturier           Evander Kane             Jake Guentzel            60     1   2  2  
 2 Dylan Strome             Anders Lee               Alex DeBrincat           40     1   2  2  

PowerPlay Defense
   Defense                  Defense                                           Time % Phy DF OF 
 1 Dougie Hamilton          Jeff Petry                                        60     1   2  2  
 2 Jake Muzzin              Dmitry Orlov                                      40     1   2  2  

Penalty Kill 4 Players Forward 
   Center                   Wing                     Time % Phy DF OF 
 1 Sean Couturier           Anders Lee               60     1   2  2  
 2 Andrew Copp              Derek Stepan             40     1   2  2  

Penalty Kill 4 Players Defense
   Defense                  Defense                  Time % Phy DF OF 
 1 Dougie Hamilton          Jeff Petry               60     1   2  2  
 2 Jake Muzzin              Dmitry Orlov             40     1   2  2  

Penalty Kill - 3 Players Forward 
   Forward                                           Time % Phy DF OF 
 1 Sean Couturier                                    60     1   2  2  
 2 Andrew Copp                                       40     1   2  2  

Penalty Kill - 3 Players Defense
   Defense                  Defense                  Time % Phy DF OF 
 1 Dougie Hamilton          Jeff Petry               60     1   2  2  
 2 Jake Muzzin              Dmitry Orlov             40     1   2  2  

4 vs 4 Forward 
   Center                   Wing                     Time % Phy DF OF 
 1 Sean Couturier           Evander Kane             60     1   2  2  
 2 Derek Stepan             Anders Lee               40     1   2  2  

4 vs 4 Defense
   Defense                  Defense                  Time % Phy DF OF 
 1 Dougie Hamilton          Jeff Petry               60     1   2  2  
 2 Jake Muzzin              Dmitry Orlov             40     1   2  2  

Last Minutes Offensive
   Center                   Left Wing                Right Wing               Defense                  Defense                  
   Sean Couturier           Evander Kane             Jake Guentzel            Dougie Hamilton          Jeff Petry               

Last Minutes Defensive
   Center                   Left Wing                Right Wing               Defense                  Defense                  
   Sean Couturier           Evander Kane             Jake Guentzel            Dougie Hamilton          Jeff Petry               

Goaltenders
Starting : Cal Petersen             
Backup : Matt Murray              

Extra Forwards
Normal : Dylan Strome, Mikael Granlund, Anthony Duclair - PP : Dylan Strome, Mikael Granlund - PK : Anthony Duclair
Extra Defensemen
Normal : Samuel Girard, Brad Hunt, Jake Muzzin - PP : Samuel Girard - PK : Brad Hunt, Jake Muzzin
Penalty Shots
Sean Couturier, Evander Kane, Anders Lee, Jake Guentzel, Alex DeBrincat

Scratches
Jonathan Bernier (Healthy)

BUFFALO

5 vs 5 Forward 
   Center                   Left Wing                Right Wing               Time % Phy DF OF 
 1 Eric Staal               Brad Marchand            Phil Kessel              35     1   2  2  
 2 Matt Duchene             Alex Killorn             Charlie Coyle            30     1   2  2  
 3 Jordan Staal             James van Riemsdyk       Frank Vatrano            25     1   2  2  
 4 Noel Acciari             Carl Hagelin             Ondrej Kase              10     1   2  2  

5 vs 5 Defense 
   Defense                  Defense                                           Time % Phy DF OF 
 1 Roman Josi               Drew Doughty                                      35     1   2  2  
 2 Noah Hanifin             Shea Theodore                                     30     1   2  2  
 3 Marco Scandella          Matt Grzelcyk                                     25     1   2  2  
 4 Roman Josi               Drew Doughty                                      10     1   2  2  

PowerPlay Forward 
   Center                   Left Wing                Right Wing               Time % Phy DF OF 
 1 Eric Staal               Brad Marchand            Phil Kessel              60     1   2  2  
 2 Matt Duchene             Alex Killorn             Charlie Coyle            40     1   2  2  

PowerPlay Defense
   Defense                  Defense                                           Time % Phy DF OF 
 1 Roman Josi               Drew Doughty                                      60     1   2  2  
 2 Noah Hanifin             Shea Theodore                                     40     1   2  2  

Penalty Kill 4 Players Forward 
   Center                   Wing                     Time % Phy DF OF 
 1 Brad Marchand            Eric Staal               60     1   2  2  
 2 Phil Kessel              Alex Killorn             40     1   2  2  

Penalty Kill 4 Players Defense
   Defense                  Defense                  Time % Phy DF OF 
 1 Roman Josi               Drew Doughty             60     1   2  2  
 2 Noah Hanifin             Shea Theodore            40     1   2  2  

Penalty Kill - 3 Players Forward 
   Forward                                           Time % Phy DF OF 
 1 Brad Marchand                                     60     1   2  2  
 2 Eric Staal                                        40     1   2  2  

Penalty Kill - 3 Players Defense
   Defense                  Defense                  Time % Phy DF OF 
 1 Roman Josi               Drew Doughty             60     1   2  2  
 2 Noah Hanifin             Shea Theodore            40     1   2  2  

4 vs 4 Forward 
   Center                   Wing                     Time % Phy DF OF 
 1 Brad Marchand            Eric Staal               60     1   2  2  
 2 Phil Kessel              Alex Killorn             40     1   2  2  

4 vs 4 Defense
   Defense                  Defense                  Time % Phy DF OF 
 1 Roman Josi               Drew Doughty             60     1   2  2  
 2 Noah Hanifin             Shea Theodore            40     1   2  2  

Last Minutes Offensive
   Center                   Left Wing                Right Wing               Defense                  Defense                  
   Eric Staal               Brad Marchand            Phil Kessel              Roman Josi               Drew Doughty             

Last Minutes Defensive
   Center                   Left Wing                Right Wing               Defense                  Defense                  
   Eric Staal               Brad Marchand            Phil Kessel              Roman Josi               Drew Doughty             

Goaltenders
Starting : Tuukka Rask              
Backup : Alex Stalock             

Extra Forwards
Normal : Jordan Staal, James van Riemsdyk, Carl Hagelin - PP : Jordan Staal, James van Riemsdyk - PK : Carl Hagelin
Extra Defensemen
Normal : Marco Scandella, Matt Grzelcyk, Noah Hanifin - PP : Marco Scandella - PK : Matt Grzelcyk, Noah Hanifin
Penalty Shots
Brad Marchand, Eric Staal, Phil Kessel, Alex Killorn, Matt Duchene

Scratches
None


% Time on Ice - NEW JERSEY

Lines # - Real PCT - Wanted PCT - Time Play
Normal Forward
1 - 32% - 37% - 14:08
2 - 29% - 30% - 12:48
3 - 24% - 24% - 10:27
4 - 15% - 9% - 6:44
Normal Defense
1 - 38% - 42% - 16:55
2 - 34% - 33% - 15:02
3 - 28% - 25% - 12:10
4 - 0% - 0% - 0:00
PP Forward
1 - 48% - 60% - 1:55
2 - 52% - 40% - 2:03
PP Defense
1 - 56% - 60% - 2:13
2 - 44% - 40% - 1:45
PK Forward
1 - 70% - 60% - 8:17
2 - 30% - 40% - 3:38
PK Defense
1 - 46% - 60% - 5:27
2 - 54% - 40% - 6:28
PK3 Forward
1 - 0% - 60%
2 - 0% - 40%
PK3 Defense
1 - 0% - 60%
2 - 0% - 40%
44 Forward
1 - 0% - 60%
2 - 0% - 40%
44 Defense
1 - 0% - 60%
2 - 0% - 40%
Last Minute Offensive  - 0:00
Last Minute Defensive  - 0:00
Total
Forward - 60:00
Defense - 60:00

% Time on Ice - BUFFALO

Lines # - Real PCT - Wanted PCT - Time Play
Normal Forward
1 - 32% - 35% - 14:20
2 - 29% - 30% - 12:46
3 - 24% - 25% - 10:34
4 - 15% - 10% - 6:27
Normal Defense
1 - 35% - 35% - 15:32
2 - 29% - 30% - 12:57
3 - 32% - 25% - 13:58
4 - 4% - 10% - 1:40
PP Forward
1 - 55% - 60% - 6:36
2 - 45% - 40% - 5:19
PP Defense
1 - 54% - 60% - 6:26
2 - 46% - 40% - 5:29
PK Forward
1 - 82% - 60% - 3:16
2 - 18% - 40% - 0:42
PK Defense
1 - 53% - 60% - 2:07
2 - 47% - 40% - 1:51
PK3 Forward
1 - 0% - 60%
2 - 0% - 40%
PK3 Defense
1 - 0% - 60%
2 - 0% - 40%
44 Forward
1 - 0% - 60%
2 - 0% - 40%
44 Defense
1 - 0% - 60%
2 - 0% - 40%
Last Minute Offensive  - 0:00
Last Minute Defensive  - 0:00
Total
Forward - 60:00
Defense - 60:00

Play-by-Play

1st period


0:01 of 1st period - Eric Staal wins face-off versus Alex DeBrincat in neutral zone.
0:06 of 1st period - Shot by Brad Marchand.
0:06 of 1st period - Shot Misses the Net.
0:08 of 1st period - Shot by Brad Marchand.
0:08 of 1st period - Shot Blocked by Dougie Hamilton.
0:10 of 1st period - Shot by Eric Staal.
0:10 of 1st period - Shot Misses the Net.
0:29 of 1st period - Eric Staal is hit by Jeff Petry and loses puck.
0:37 of 1st period - Brad Marchand is hit by Jeff Petry and loses puck.
0:40 of 1st period - Shot by Roman Josi.
0:40 of 1st period - Stopped by Cal Petersen without a rebound.
0:41 of 1st period - Matt Duchene wins face-off versus Dylan Strome in NEW JERSEY zone.
0:42 of 1st period - Shot by Noah Hanifin.
0:42 of 1st period - Stopped by Cal Petersen without a rebound.
0:43 of 1st period - Dylan Strome wins face-off versus Matt Duchene in NEW JERSEY zone.
0:43 of 1st period - Jake Muzzin is hit by Matt Duchene and loses puck.
1:06 of 1st period - Shot by Matt Duchene.
1:06 of 1st period - Goal by Matt Duchene - NEW JERSEY : 0 - BUFFALO : 1.
1:07 of 1st period - Jordan Staal wins face-off versus Derek Stepan in neutral zone.
1:07 of 1st period - Jordan Staal is hit by Anthony Duclair.
1:19 of 1st period - Shot by James van Riemsdyk.
1:19 of 1st period - Stopped by Cal Petersen with a rebound.
1:25 of 1st period - Shot by Jordan Staal.
1:25 of 1st period - Shot Misses the Net.
2:01 of 1st period - Icing by Drew Doughty.
2:02 of 1st period - Dylan Strome wins face-off versus Noel Acciari in BUFFALO zone.
2:35 of 1st period - Icing by Noel Acciari.
2:36 of 1st period - Sean Couturier wins face-off versus Noel Acciari in BUFFALO zone.
2:37 of 1st period - Shot by Alex DeBrincat.
2:37 of 1st period - Stopped by Tuukka Rask without a rebound.
2:38 of 1st period - Sean Couturier wins face-off versus Matt Duchene in BUFFALO zone.
2:56 of 1st period - Sean Couturier is hit by Charlie Coyle.
3:11 of 1st period - Icing by Sean Couturier.
3:12 of 1st period - Eric Staal wins face-off versus Sean Couturier in NEW JERSEY zone.
3:17 of 1st period - Shot by Brad Marchand.
3:17 of 1st period - Stopped by Cal Petersen without a rebound.
3:18 of 1st period - Andrew Copp wins face-off versus Eric Staal in NEW JERSEY zone.
3:58 of 1st period - Shot by Andrew Copp.
3:58 of 1st period - Shot Misses the Net.
4:31 of 1st period - Shot by Dougie Hamilton.
4:31 of 1st period - Shot Misses the Net.
4:33 of 1st period - Shot by Jeff Petry.
4:33 of 1st period - Stopped by Tuukka Rask without a rebound.
4:34 of 1st period - Sean Couturier wins face-off versus Jordan Staal in BUFFALO zone.
4:34 of 1st period - Jake Guentzel is hit by Matt Grzelcyk and loses puck.
4:45 of 1st period - Shot by Jake Guentzel.
4:45 of 1st period - Stopped by Tuukka Rask without a rebound.
4:46 of 1st period - Charlie Coyle wins face-off versus Anthony Duclair in BUFFALO zone.
5:14 of 1st period - Shot by Anthony Duclair.
5:14 of 1st period - Shot Misses the Net.
5:16 of 1st period - Shot by Derek Stepan.
5:16 of 1st period - Shot Blocked by Shea Theodore.
5:21 of 1st period - Shot by Derek Stepan.
5:21 of 1st period - Shot Blocked by Charlie Coyle.
5:23 of 1st period - Shot by Mikael Granlund.
5:23 of 1st period - Shot Blocked by Matt Duchene.
5:52 of 1st period - Shot by Alex DeBrincat.
5:52 of 1st period - Shot Misses the Net.
6:06 of 1st period - Shot by Sean Couturier.
6:06 of 1st period - Shot Misses the Net.
6:08 of 1st period - Shot by Jake Guentzel.
6:08 of 1st period - Shot Misses the Net.
6:40 of 1st period - Shot by Dylan Strome.
6:40 of 1st period - Shot Misses the Net.
6:45 of 1st period - Jordan Staal is hit by Dmitry Orlov and loses puck.
6:50 of 1st period - Shot by Matt Grzelcyk.
6:50 of 1st period - Stopped by Cal Petersen without a rebound.
6:50 of 1st period - Minor Penalty to Dmitry Orlov for Tripping.
6:51 of 1st period - Eric Staal wins face-off versus Sean Couturier in NEW JERSEY zone.
7:06 of 1st period - Shot by Brad Marchand.
7:06 of 1st period - Stopped by Cal Petersen without a rebound.
7:07 of 1st period - Sean Couturier wins face-off versus Eric Staal in NEW JERSEY zone.
7:22 of 1st period - Shot by Drew Doughty.
7:22 of 1st period - Shot Misses the Net.
7:24 of 1st period - Shot by Roman Josi.
7:24 of 1st period - Stopped by Cal Petersen with a rebound.
7:26 of 1st period - Shot by Roman Josi.
7:26 of 1st period - Shot Misses the Net.
7:28 of 1st period - Shot by Drew Doughty.
7:28 of 1st period - Shot Blocked by Derek Stepan.
7:30 of 1st period - Shot by Roman Josi.
7:30 of 1st period - Stopped by Cal Petersen without a rebound.
7:31 of 1st period - Sean Couturier wins face-off versus Eric Staal in NEW JERSEY zone.
8:24 of 1st period - Dougie Hamilton is hit by Charlie Coyle and loses puck.
9:48 of 1st period - Shot by Jordan Staal.
9:48 of 1st period - Stopped by Cal Petersen without a rebound.
9:49 of 1st period - Sean Couturier wins face-off versus Jordan Staal in NEW JERSEY zone.
9:49 of 1st period - Sean Couturier is hit by Frank Vatrano.
10:01 of 1st period - Shot by James van Riemsdyk.
10:01 of 1st period - Shot Misses the Net.
10:24 of 1st period - Jake Guentzel is hit by Shea Theodore and loses puck.
10:45 of 1st period - Shot by Brad Marchand.
10:45 of 1st period - Stopped by Cal Petersen with a rebound.
11:13 of 1st period - Shot by Phil Kessel.
11:13 of 1st period - Stopped by Cal Petersen without a rebound.
11:14 of 1st period - Dylan Strome wins face-off versus Matt Duchene in NEW JERSEY zone.
11:32 of 1st period - Off-side.
11:33 of 1st period - Derek Stepan wins face-off versus Noel Acciari in neutral zone.
12:23 of 1st period - Icing by Derek Stepan.
12:24 of 1st period - Eric Staal wins face-off versus Derek Stepan in NEW JERSEY zone.
12:27 of 1st period - Shot by Brad Marchand.
12:27 of 1st period - Deflect By Eric Staal.
12:27 of 1st period - Shot Misses the Net.
12:48 of 1st period - Brad Marchand is hit by Jake Muzzin and loses puck.
13:46 of 1st period - Off-side.
13:47 of 1st period - Sean Couturier wins face-off versus Matt Duchene in neutral zone.
15:32 of 1st period - Evander Kane is hit by Jordan Staal and loses puck.
16:26 of 1st period - Shot by Carl Hagelin.
16:26 of 1st period - Shot Misses the Net.
16:40 of 1st period - Marco Scandella is hit by Andrew Copp and loses puck.
17:04 of 1st period - Minor Penalty to Samuel Girard for Roughing.
17:05 of 1st period - Sean Couturier wins face-off versus Eric Staal in NEW JERSEY zone.
17:21 of 1st period - Icing by Roman Josi.
17:22 of 1st period - Sean Couturier wins face-off versus Eric Staal in BUFFALO zone.
17:37 of 1st period - Shot by Roman Josi.
17:37 of 1st period - Shot Blocked by Jake Muzzin.
17:39 of 1st period - Shot by Phil Kessel.
17:39 of 1st period - Stopped by Cal Petersen without a rebound.
17:40 of 1st period - Sean Couturier wins face-off versus Alex Killorn in NEW JERSEY zone.
18:00 of 1st period - Shot by Noah Hanifin.
18:00 of 1st period - Stopped by Cal Petersen without a rebound.
18:01 of 1st period - Sean Couturier wins face-off versus Phil Kessel in NEW JERSEY zone.
18:21 of 1st period - Shot by Shea Theodore.
18:21 of 1st period - Shot Misses the Net.
19:17 of 1st period - Shot by Alex DeBrincat.
19:17 of 1st period - Stopped by Tuukka Rask without a rebound.
19:18 of 1st period - Noel Acciari wins face-off versus Dylan Strome in BUFFALO zone.
19:18 of 1st period - Noel Acciari is hit by Evander Kane.
19:45 of 1st period - Icing by Jeff Petry.
19:46 of 1st period - Eric Staal wins face-off versus Dylan Strome in NEW JERSEY zone.
Goals for this period are 0 for NEW JERSEY vs 1 for BUFFALO.
Shots for this period are 4 for NEW JERSEY vs 14 for BUFFALO.

2nd period


0:01 of 2nd period - Eric Staal wins face-off versus Alex DeBrincat in neutral zone.
0:05 of 2nd period - Shea Theodore is hit by Jake Muzzin and loses puck.
0:41 of 2nd period - Double Minor Penalty to Dmitry Orlov for Roughing.
0:42 of 2nd period - Sean Couturier wins face-off versus Matt Duchene in NEW JERSEY zone.
0:42 of 2nd period - Sean Couturier is hit by Charlie Coyle.
0:49 of 2nd period - Shot by Charlie Coyle.
0:49 of 2nd period - Stopped by Cal Petersen with a rebound.
1:44 of 2nd period - Shot by Andrew Copp.
1:44 of 2nd period - Stopped by Tuukka Rask without a rebound.
1:45 of 2nd period - Sean Couturier wins face-off versus Eric Staal in BUFFALO zone.
2:40 of 2nd period - Shot by Drew Doughty.
2:40 of 2nd period - Stopped by Cal Petersen with a rebound.
3:22 of 2nd period - Shot by Roman Josi.
3:22 of 2nd period - Stopped by Cal Petersen without a rebound.
3:23 of 2nd period - Matt Duchene wins face-off versus Sean Couturier in NEW JERSEY zone.
4:23 of 2nd period - Zach Aston-Reese is hit by Jordan Staal and loses puck.
6:59 of 2nd period - Shot by Brad Marchand.
6:59 of 2nd period - Stopped by Cal Petersen without a rebound.
7:00 of 2nd period - Matt Duchene wins face-off versus Sean Couturier in NEW JERSEY zone.
7:01 of 2nd period - Shot by Charlie Coyle.
7:01 of 2nd period - Shot Misses the Net.
8:24 of 2nd period - Icing by Roman Josi.
8:25 of 2nd period - Dylan Strome wins face-off versus Eric Staal in BUFFALO zone.
8:30 of 2nd period - Shot by Evander Kane.
8:30 of 2nd period - Shot Blocked by Brad Marchand.
8:42 of 2nd period - Shot by Brad Marchand.
8:42 of 2nd period - Stopped by Cal Petersen without a rebound.
8:42 of 2nd period - Minor Penalty to Cal Petersen for Delaying the game.
8:43 of 2nd period - Sean Couturier wins face-off versus Eric Staal in NEW JERSEY zone.
8:43 of 2nd period - Sean Couturier is hit by Brad Marchand.
8:54 of 2nd period - Off-side.
8:55 of 2nd period - Sean Couturier wins face-off versus Eric Staal in neutral zone.
9:06 of 2nd period - Shot by Shea Theodore.
9:06 of 2nd period - Stopped by Cal Petersen without a rebound.
9:07 of 2nd period - Sean Couturier wins face-off versus Eric Staal in NEW JERSEY zone.
9:34 of 2nd period - Shot by Brad Marchand.
9:34 of 2nd period - Stopped by Cal Petersen without a rebound.
9:35 of 2nd period - Sean Couturier wins face-off versus Matt Duchene in NEW JERSEY zone.
9:46 of 2nd period - Jake Muzzin is hit by Matt Duchene and loses puck.
9:51 of 2nd period - Shot by Noah Hanifin.
9:51 of 2nd period - Shot Blocked by Jake Muzzin.
9:53 of 2nd period - Shot by Charlie Coyle.
9:53 of 2nd period - Shot Blocked by Jake Muzzin.
10:35 of 2nd period - Shot by Sean Couturier.
10:35 of 2nd period - Deflect By Anthony Duclair.
10:35 of 2nd period - Goal by Anthony Duclair - NEW JERSEY : 1 - BUFFALO : 1.
10:36 of 2nd period - Sean Couturier wins face-off versus Eric Staal in neutral zone.
10:50 of 2nd period - Off-side.
10:51 of 2nd period - Andrew Copp wins face-off versus Jordan Staal in neutral zone.
11:57 of 2nd period - Shot by Brad Marchand.
11:57 of 2nd period - Shot Blocked by Dougie Hamilton.
12:24 of 2nd period - Shot by Dougie Hamilton.
12:24 of 2nd period - Stopped by Tuukka Rask without a rebound.
12:25 of 2nd period - Dylan Strome wins face-off versus Matt Duchene in BUFFALO zone.
12:29 of 2nd period - Evander Kane is hit by Matt Grzelcyk and loses puck.
13:42 of 2nd period - Shot by Derek Stepan.
13:42 of 2nd period - Shot Misses the Net.
13:47 of 2nd period - Anthony Duclair is hit by Marco Scandella and loses puck.
14:05 of 2nd period - Minor Penalty to Charlie Coyle for Hooking.
14:06 of 2nd period - Sean Couturier wins face-off versus Brad Marchand in BUFFALO zone.
14:07 of 2nd period - Shot by Jake Guentzel.
14:07 of 2nd period - Stopped by Tuukka Rask without a rebound.
14:08 of 2nd period - Sean Couturier wins face-off versus Brad Marchand in BUFFALO zone.
14:13 of 2nd period - Shot by Evander Kane.
14:13 of 2nd period - Shot Misses the Net.
14:15 of 2nd period - Shot by Jake Guentzel.
14:15 of 2nd period - Stopped by Tuukka Rask without a rebound.
14:16 of 2nd period - Brad Marchand wins face-off versus Dylan Strome in BUFFALO zone.
14:34 of 2nd period - Shot by Dougie Hamilton.
14:34 of 2nd period - Stopped by Tuukka Rask without a rebound.
14:35 of 2nd period - Brad Marchand wins face-off versus Sean Couturier in BUFFALO zone.
14:46 of 2nd period - Shot by Evander Kane.
14:46 of 2nd period - Shot Misses the Net.
14:48 of 2nd period - Shot by Jake Muzzin.
14:48 of 2nd period - Shot Misses the Net.
14:50 of 2nd period - Shot by Jake Muzzin.
14:50 of 2nd period - Stopped by Tuukka Rask with a rebound.
15:04 of 2nd period - Shot by Jake Guentzel.
15:04 of 2nd period - Stopped by Tuukka Rask without a rebound.
15:05 of 2nd period - Eric Staal wins face-off versus Dylan Strome in BUFFALO zone.
15:34 of 2nd period - Shot by Alex DeBrincat.
15:34 of 2nd period - Stopped by Tuukka Rask with a rebound.
16:56 of 2nd period - Icing by Frank Vatrano.
16:57 of 2nd period - Jordan Staal wins face-off versus Andrew Copp in BUFFALO zone.
16:57 of 2nd period - Jordan Staal is hit by Zach Aston-Reese.
17:00 of 2nd period - Icing by Matt Grzelcyk.
17:01 of 2nd period - Andrew Copp wins face-off versus Jordan Staal in BUFFALO zone.
18:03 of 2nd period - Phil Kessel is hit by Sean Couturier.
18:10 of 2nd period - Off-side.
18:11 of 2nd period - Matt Duchene wins face-off versus Dylan Strome in neutral zone.
18:25 of 2nd period - Icing by Dmitry Orlov.
18:26 of 2nd period - Dylan Strome wins face-off versus Noel Acciari in NEW JERSEY zone.
18:35 of 2nd period - Shot by Anders Lee.
18:35 of 2nd period - Shot Misses the Net.
18:45 of 2nd period - Shot by Evander Kane.
18:45 of 2nd period - Stopped by Tuukka Rask without a rebound.
18:46 of 2nd period - Eric Staal wins face-off versus Sean Couturier in BUFFALO zone.
18:46 of 2nd period - Brad Marchand is hit by Jake Guentzel.
18:58 of 2nd period - Shot by Eric Staal.
18:58 of 2nd period - Shot Misses the Net.
19:46 of 2nd period - Icing by Shea Theodore.
19:47 of 2nd period - Eric Staal wins face-off versus Dylan Strome in BUFFALO zone.
19:51 of 2nd period - Off-side.
19:52 of 2nd period - Dylan Strome wins face-off versus Matt Duchene in neutral zone.
Goals for this period are 1 for NEW JERSEY vs 0 for BUFFALO.
Shots for this period are 10 for NEW JERSEY vs 7 for BUFFALO.

3rd period


0:01 of 3rd period - Sean Couturier wins face-off versus Eric Staal in neutral zone.
0:23 of 3rd period - Off-side.
0:24 of 3rd period - Dylan Strome wins face-off versus Matt Duchene in neutral zone.
0:41 of 3rd period - Shot by Anders Lee.
0:41 of 3rd period - Stopped by Tuukka Rask with a rebound.
0:43 of 3rd period - Shot by Dmitry Orlov.
0:43 of 3rd period - Stopped by Tuukka Rask without a rebound.
0:44 of 3rd period - Sean Couturier wins face-off versus Eric Staal in BUFFALO zone.
0:55 of 3rd period - Shot by Eric Staal.
0:55 of 3rd period - Stopped by Cal Petersen without a rebound.
0:56 of 3rd period - Evander Kane wins face-off versus Matt Duchene in NEW JERSEY zone.
1:08 of 3rd period - Icing by Noah Hanifin.
1:09 of 3rd period - Matt Duchene wins face-off versus Sean Couturier in BUFFALO zone.
1:36 of 3rd period - Shot by Matt Duchene.
1:36 of 3rd period - Goal by Matt Duchene - NEW JERSEY : 1 - BUFFALO : 2.
1:37 of 3rd period - Dylan Strome wins face-off versus Eric Staal in neutral zone.
1:47 of 3rd period - Off-side.
1:48 of 3rd period - Frank Vatrano wins face-off versus Derek Stepan in neutral zone.
1:53 of 3rd period - Shot by Frank Vatrano.
1:53 of 3rd period - Deflect By James van Riemsdyk.
1:53 of 3rd period - Stopped by Cal Petersen without a rebound.
1:54 of 3rd period - Sean Couturier wins face-off versus Eric Staal in NEW JERSEY zone.
2:20 of 3rd period - Roman Josi is hit by Jeff Petry and loses puck.
2:53 of 3rd period - Shot by Evander Kane.
2:53 of 3rd period - Stopped by Tuukka Rask without a rebound.
2:54 of 3rd period - Dylan Strome wins face-off versus Matt Duchene in BUFFALO zone.
3:09 of 3rd period - Icing by Dmitry Orlov.
3:10 of 3rd period - Jordan Staal wins face-off versus Dylan Strome in NEW JERSEY zone.
3:28 of 3rd period - Shot by Dylan Strome.
3:28 of 3rd period - Shot Misses the Net.
3:32 of 3rd period - Shot by Dylan Strome.
3:32 of 3rd period - Shot Misses the Net.
3:34 of 3rd period - Shot by Jake Muzzin.
3:34 of 3rd period - Shot Misses the Net.
3:36 of 3rd period - Shot by Evander Kane.
3:36 of 3rd period - Stopped by Tuukka Rask without a rebound.
3:37 of 3rd period - Matt Duchene wins face-off versus Derek Stepan in BUFFALO zone.
3:53 of 3rd period - Anthony Duclair is hit by Charlie Coyle.
3:58 of 3rd period - Derek Stepan is hit by Noah Hanifin and loses puck.
4:17 of 3rd period - Dougie Hamilton is hit by Alex Killorn and loses puck.
5:00 of 3rd period - Shot by Phil Kessel.
5:00 of 3rd period - Shot Misses the Net.
5:12 of 3rd period - Shot by Sean Couturier.
5:12 of 3rd period - Shot Misses the Net.
5:14 of 3rd period - Shot by Alex DeBrincat.
5:14 of 3rd period - Stopped by Tuukka Rask with a rebound.
5:38 of 3rd period - Shot by Evander Kane.
5:38 of 3rd period - Shot Misses the Net.
5:42 of 3rd period - Shot by Dylan Strome.
5:42 of 3rd period - Stopped by Tuukka Rask without a rebound.
5:43 of 3rd period - Jordan Staal wins face-off versus Andrew Copp in BUFFALO zone.
6:00 of 3rd period - Shot by Jordan Staal.
6:00 of 3rd period - Stopped by Cal Petersen without a rebound.
6:01 of 3rd period - Evander Kane wins face-off versus Matt Duchene in NEW JERSEY zone.
6:06 of 3rd period - Brad Hunt is hit by Alex Killorn and loses puck.
6:27 of 3rd period - Shot by Charlie Coyle.
6:27 of 3rd period - Shot Misses the Net.
6:32 of 3rd period - Icing by Samuel Girard.
6:33 of 3rd period - Jordan Staal wins face-off versus Dylan Strome in NEW JERSEY zone.
6:42 of 3rd period - Shot by Dylan Strome.
6:42 of 3rd period - Stopped by Tuukka Rask without a rebound.
6:43 of 3rd period - Sean Couturier wins face-off versus Noel Acciari in BUFFALO zone.
6:49 of 3rd period - Icing by Noah Hanifin.
6:50 of 3rd period - Noel Acciari wins face-off versus Sean Couturier in BUFFALO zone.
6:55 of 3rd period - Dougie Hamilton is hit by Noel Acciari and loses puck.
7:08 of 3rd period - Shot by Noel Acciari.
7:08 of 3rd period - Stopped by Cal Petersen without a rebound.
7:09 of 3rd period - Eric Staal wins face-off versus Derek Stepan in NEW JERSEY zone.
7:32 of 3rd period - Shot by Mikael Granlund.
7:32 of 3rd period - Shot Hit the Post.
7:42 of 3rd period - Shot by Anthony Duclair.
7:42 of 3rd period - Deflect By Mikael Granlund.
7:42 of 3rd period - Stopped by Tuukka Rask with a rebound.
8:04 of 3rd period - Shot by Sean Couturier.
8:04 of 3rd period - Shot Misses the Net.
8:06 of 3rd period - Shot by Sean Couturier.
8:06 of 3rd period - Shot Misses the Net.
8:29 of 3rd period - Shot by Jake Guentzel.
8:29 of 3rd period - Stopped by Tuukka Rask without a rebound.
8:30 of 3rd period - Matt Duchene wins face-off versus Dylan Strome in BUFFALO zone.
8:32 of 3rd period - Minor Penalty to Anders Lee for Hooking.
8:33 of 3rd period - Matt Duchene wins face-off versus Sean Couturier in NEW JERSEY zone.
8:38 of 3rd period - Shot by Alex Killorn.
8:38 of 3rd period - Shot Misses the Net.
8:40 of 3rd period - Shot by Matt Duchene.
8:40 of 3rd period - Stopped by Cal Petersen without a rebound.
8:41 of 3rd period - Sean Couturier wins face-off versus Matt Duchene in NEW JERSEY zone.
9:17 of 3rd period - Shot by Shea Theodore.
9:17 of 3rd period - Shot Blocked by Dougie Hamilton.
9:19 of 3rd period - Shot by Shea Theodore.
9:19 of 3rd period - Shot Misses the Net.
9:21 of 3rd period - Shot by Matt Duchene.
9:21 of 3rd period - Stopped by Cal Petersen without a rebound.
9:22 of 3rd period - Andrew Copp wins face-off versus Phil Kessel in NEW JERSEY zone.
9:49 of 3rd period - Shot by Roman Josi.
9:49 of 3rd period - Stopped by Cal Petersen without a rebound.
9:50 of 3rd period - Matt Duchene wins face-off versus Sean Couturier in NEW JERSEY zone.
10:15 of 3rd period - Shot by Alex Killorn.
10:15 of 3rd period - Stopped by Cal Petersen with a rebound.
10:17 of 3rd period - Shot by Noah Hanifin.
10:17 of 3rd period - Shot Blocked by Jeff Petry.
10:55 of 3rd period - Shot by Evander Kane.
10:55 of 3rd period - Deflect By Anders Lee.
10:55 of 3rd period - Goal by Anders Lee - NEW JERSEY : 2 - BUFFALO : 2.
10:56 of 3rd period - Derek Stepan wins face-off versus Noel Acciari in neutral zone.
10:56 of 3rd period - Derek Stepan is hit by Noel Acciari.
11:06 of 3rd period - Shot by Mikael Granlund.
11:06 of 3rd period - Shot Blocked by Ondrej Kase.
11:45 of 3rd period - Icing by Roman Josi.
11:46 of 3rd period - Noel Acciari wins face-off versus Dylan Strome in BUFFALO zone.
11:46 of 3rd period - Noel Acciari is hit by Anders Lee.
12:20 of 3rd period - Evander Kane is hit by Roman Josi and loses puck.
12:24 of 3rd period - Minor Penalty to Drew Doughty for Tripping.
12:25 of 3rd period - Sean Couturier wins face-off versus Brad Marchand in BUFFALO zone.
12:34 of 3rd period - Shot by Evander Kane.
12:34 of 3rd period - Deflect By Jake Guentzel.
12:34 of 3rd period - Shot Misses the Net.
12:36 of 3rd period - Shot by Dmitry Orlov.
12:36 of 3rd period - Stopped by Tuukka Rask without a rebound.
12:37 of 3rd period - Sean Couturier wins face-off versus Brad Marchand in BUFFALO zone.
13:02 of 3rd period - Shot by Sean Couturier.
13:02 of 3rd period - Stopped by Tuukka Rask with a rebound.
13:04 of 3rd period - Shot by Jake Guentzel.
13:04 of 3rd period - Shot Blocked by Noah Hanifin.
13:41 of 3rd period - Alex Killorn is hit by Anders Lee and loses puck.
14:08 of 3rd period - Roman Josi is hit by Jake Guentzel.
15:01 of 3rd period - Off-side.
15:02 of 3rd period - Frank Vatrano wins face-off versus Derek Stepan in neutral zone.
15:10 of 3rd period - Icing by Dougie Hamilton.
15:11 of 3rd period - Jordan Staal wins face-off versus Derek Stepan in NEW JERSEY zone.
15:27 of 3rd period - Off-side.
15:28 of 3rd period - Eric Staal wins face-off versus Sean Couturier in neutral zone.
15:30 of 3rd period - Off-side.
15:31 of 3rd period - Phil Kessel wins face-off versus Sean Couturier in neutral zone.
15:31 of 3rd period - Phil Kessel is hit by Jake Guentzel.
16:03 of 3rd period - Shot by Brad Marchand.
16:03 of 3rd period - Stopped by Cal Petersen without a rebound.
16:04 of 3rd period - Dylan Strome wins face-off versus Matt Duchene in NEW JERSEY zone.
16:04 of 3rd period - Dylan Strome is hit by Alex Killorn.
16:31 of 3rd period - Off-side.
16:32 of 3rd period - Jordan Staal wins face-off versus Derek Stepan in neutral zone.
16:58 of 3rd period - Derek Stepan is hit by Matt Grzelcyk.
17:30 of 3rd period - Shea Theodore is hit by Jake Guentzel and loses puck.
17:43 of 3rd period - Shot by Alex DeBrincat.
17:43 of 3rd period - Stopped by Tuukka Rask without a rebound.
17:44 of 3rd period - Dylan Strome wins face-off versus Matt Duchene in BUFFALO zone.
18:58 of 3rd period - Shot by Jake Guentzel.
18:58 of 3rd period - Shot Misses the Net.
19:00 of 3rd period - Shot by Jake Guentzel.
19:00 of 3rd period - Shot Misses the Net.
19:03 of 3rd period - Sean Couturier is hit by Noah Hanifin and loses puck.
19:12 of 3rd period - Shot by Sean Couturier.
19:12 of 3rd period - Stopped by Tuukka Rask without a rebound.
19:13 of 3rd period - Derek Stepan wins face-off versus Jordan Staal in BUFFALO zone.
19:43 of 3rd period - Shot by Jordan Staal.
19:43 of 3rd period - Stopped by Cal Petersen without a rebound.
19:44 of 3rd period - Matt Duchene wins face-off versus Sean Couturier in NEW JERSEY zone.
19:47 of 3rd period - Shot by Matt Duchene.
19:47 of 3rd period - Shot Misses the Net.
Goals for this period are 1 for NEW JERSEY vs 1 for BUFFALO.
Shots for this period are 14 for NEW JERSEY vs 11 for BUFFALO.

Overtime #1


0:01 of 1st overtime period - Andrew Copp wins face-off versus Eric Staal in neutral zone.
0:14 of 1st overtime period - Shot by Andrew Copp.
0:14 of 1st overtime period - Stopped by Tuukka Rask without a rebound.
0:15 of 1st overtime period - Eric Staal wins face-off versus Andrew Copp in BUFFALO zone.
0:30 of 1st overtime period - Shot by Phil Kessel.
0:30 of 1st overtime period - Shot Misses the Net.
0:42 of 1st overtime period - Shot by Phil Kessel.
0:42 of 1st overtime period - Shot Misses the Net.
2:58 of 1st overtime period - Shot by Anthony Duclair.
2:58 of 1st overtime period - Shot Misses the Net.
3:08 of 1st overtime period - Shot by Brad Marchand.
3:08 of 1st overtime period - Stopped by Cal Petersen without a rebound.
3:09 of 1st overtime period - Eric Staal wins face-off versus Jake Guentzel in NEW JERSEY zone.
3:28 of 1st overtime period - Shot by Phil Kessel.
3:28 of 1st overtime period - Stopped by Cal Petersen with a rebound.
3:30 of 1st overtime period - Shot by Eric Staal.
3:30 of 1st overtime period - Stopped by Cal Petersen without a rebound.
3:31 of 1st overtime period - Andrew Copp wins face-off versus Jordan Staal in NEW JERSEY zone.
4:24 of 1st overtime period - Shot by Eric Staal.
4:24 of 1st overtime period - Shot Misses the Net.
Goals for this period are 0 for NEW JERSEY vs 0 for BUFFALO.
Shots for this period are 1 for NEW JERSEY vs 3 for BUFFALO.

ShootOut


5:00 of 1st overtime period - Round #1.
5:00 of 1st overtime period - NEW JERSEY, Sean Couturier.
5:00 of 1st overtime period - Stopped by Tuukka Rask.
5:00 of 1st overtime period - BUFFALO, Brad Marchand.
5:00 of 1st overtime period - Stopped by Cal Petersen.
5:00 of 1st overtime period - Round #2.
5:00 of 1st overtime period - NEW JERSEY, Evander Kane.
5:00 of 1st overtime period - Goal by Evander Kane.
5:00 of 1st overtime period - BUFFALO, Eric Staal.
5:00 of 1st overtime period - Goal by Eric Staal.
5:00 of 1st overtime period - Round #3.
5:00 of 1st overtime period - NEW JERSEY, Anders Lee.
5:00 of 1st overtime period - Stopped by Tuukka Rask.
5:00 of 1st overtime period - BUFFALO, Phil Kessel.
5:00 of 1st overtime period - Stopped by Cal Petersen.
5:00 of 1st overtime period - Round #4.
5:00 of 1st overtime period - NEW JERSEY, Jake Guentzel.
5:00 of 1st overtime period - Stopped by Tuukka Rask.
5:00 of 1st overtime period - BUFFALO, Alex Killorn.
5:00 of 1st overtime period - Stopped by Cal Petersen.
5:00 of 1st overtime period - Round #5.
5:00 of 1st overtime period - NEW JERSEY, Alex DeBrincat.
5:00 of 1st overtime period - Goal by Alex DeBrincat.
5:00 of 1st overtime period - BUFFALO, Matt Duchene.
5:00 of 1st overtime period - Shot Misses the Net.